 Dungeon Crawl Stone Soup version 0.25-a0-362-g90ccd6aac3 (console) character file.

Game seed: 12623165893524002349, levelgen mode: deterministic

15 Kagalorn the Sneak (level 2, 25/25 HPs)
             Began as a Naga Arcane Marksman on Jan 4, 2020.
             Quit the game on level 1 of the Dungeon.
             The game lasted 00:02:02 (567 turns).

Kagalorn the Sneak (Naga Arcane Marksman)            Turns: 567, Time: 00:02:02

Health: 25/25      AC:  3    Str: 12    XL:     2   Next: 50%
Magic:  3/3        EV:  7    Int: 13    God:
Gold:   33         SH:  0    Dex: 11    Spells: 2/3 levels left

rFire    . . .     SeeInvis +   a - +0 hunting sling
rCold    . . .     Gourm    .   (no shield)
rNeg     . . .     Faith    .   i - +0 scale mail
rPois    +         Spirit   .   (no helmet)
rElec    .         Reflect  .   (no cloak)
rCorr    .         Harm     .   (no gloves)
MR       .....                  (no barding)
Stlth    +.........             (no amulet)
HPRegen  0.08/turn              (no ring)
MPRegen  0.08/turn              (no ring)

@: very slow
A: large, see invisible, deformed body, poison resistance, slowness 2, slow
metabolism 1, spit poison 1, AC +0
a: Spit Poison


You were on level 1 of the Dungeon.
You were not hungry.

You visited 1 branch of the dungeon, and saw 1 of its levels.

You collected 33 gold pieces.

Inventory:

Hand Weapons
 a - a +0 hunting sling (weapon)
 b - a +0 dagger
 c - a +0 shortbow
Missiles
 d - 20 arrows
 e - 30 bolts
 g - 7 silver javelins
 h - 18 sling bullets
 j - 4 stones (quivered)
Armour
 i - a +0 scale mail (worn)
Comestibles
 f - 3 rations


   Skills:
 - Level 1.0 Fighting
 + Level 0.4 Slings
 - Level 1.7 Bows
 - Level 1.5 Dodging
 * Level 3.2 Stealth
 - Level 1.0 Spellcasting
 - Level 3.0 Hexes


You had 2 spell levels left.
You knew the following spells:

 Your Spells              Type           Power        Failure   Level  Hunger
a - Corona                Hex            #......      41%         1    ##.....

Your spell library contained the following spells:

 Spells                   Type           Power        Failure   Level  Hunger
 Slow                     Hex            #.......     56%         2    ###....
 Inner Flame              Hex/Fire       #.......     94%         3    ####...
 Portal Projectile        Hex/Tloc       #.....       94%         3    ####...
 Cause Fear               Hex            #.........   99%         4    #####..
 Leda's Liquefaction      Hex/Erth       #.........   100%        4    #####..


Dungeon Overview and Level Annotations

Branches:
Dungeon (1/15)

Altars:


Innate Abilities, Weirdness & Mutations

You cannot wear boots.
Your serpentine skin is tough. (AC +0)
You have supernaturally acute eyesight. (SInv)
Armour fits poorly on your strangely shaped body.
Your system is resistant to poisons. (rPois)
You cover ground very slowly.
You have a slow metabolism.
You can spit poison.


Message History

You hit the dart slug.
The dart slug is severely wounded.
The dart slug barely misses you.
You hit the dart slug.
The dart slug is severely wounded.
You hit the dart slug.
You kill the dart slug!
You open the door.
There is an open door here.
There is an open door here.
Done exploring.
a - a +0 hunting sling (weapon)
Quiver which item? (- for none, * to show all) (? for menu, Esc to quit)
Quivering
j - 4 stones for slings.
Saving game... please wait.
Welcome back, Kagalorn the Naga Arcane Marksman.
Press ? for a list of commands and other information.
Quiver which item? (- for none, * to show all) (? for menu, Esc to quit)
Okay, then.
Are you sure you want to abandon this character and quit the game? (Confirm with "yes".)

#....[.###.#
#.......# #......#
#.###.......#
#......#
#............
#......#
######.......
##.##### ######..
####.....# #..
#....###.# #..
#......#.#### #..
#......@....# ###
#....###....#
#....#.#....#
#....#.###########
#......#####.....#
#....#....##.....#
#....####.##.....#
#....# #........#
###### #.....####


There were no monsters in sight!

Vanquished Creatures
  2 dart slugs (D:1)
  A leopard gecko (D:1)
  A bat (D:1)
  A giant cockroach (D:1)
  2 goblins (D:1)
  A hobgoblin (D:1)
  A kobold (D:1)
  A rat (D:1)
10 creatures vanquished.

Notes
Turn   | Place    | Note
-------+----------+-------------------------------------------
     0 | D:1      | Kagalorn the Naga Arcane Marksman began the quest for the
                  | Orb.
     0 | D:1      | Reached XP level 1. HP: 18/18 MP: 2/2
    45 | D:1      | Reached skill level 1 in Stealth
   208 | D:1      | Reached XP level 2. HP: 20/25 MP: 3/3
   567 | D:1      | Quit the game

Levels and vault maps discovered:
D:1:      dpeg_arrival_renting, layout_basic

Skill      XL: |  1  2 |
---------------+-------+-----
Stealth        | 2 3 |  3.2
Fighting       | |  1.0
Slings         | |  0.4
Bows           | |  1.7
Dodging        | |  1.5
Spellcasting   | |  1.0
Hexes          | |  3.0

Action                   || total
-------------------------++-------
Melee: Unarmed           ||     6
       Dagger            ||    30
 Fire: Hunting sling     ||     5
 Abil: Spit Poison       ||     7
Armor: Scale mail        ||    17
Dodge: Dodged            ||    17

Table legend:
 A = Non-vault XP
 B = Vault XP
 C = Vault XP percentage of total XP
 D = Non-vault monster count
 E = Vault monster count
 F = Vault count percentage of total count
                 A         B        C        D         E       F
            +---------+---------+-------+---------+---------+-------
      Total |      22 |       0 |   0.0 |      10 |       0 |   0.0
            +---------+---------+-------+---------+---------+-------
        D:1 |      22 |       0 |   0.0 |      10 |       0 |   0.0
            +---------+---------+-------+---------+---------+-------
